EL
READING FIGHTIN PHILS @ PORTLAND SEA DOGS
08/15/2099
 
TOP OF THE 1ST
Reading Fightin Phils batting - Pitching for Portland Sea Dogs : RHP Billie Barrett
Pitching: RHP Billie Barrett
Batting: LHB Carlos Baca 0-0: Ball
1-0: Foul Ball, location: 25F
1-1: SINGLE (Groundball, 34D, EV 110.0 MPH)
Batting: RHB Jake Kimpel 0-0: Called Strike
0-1: Called Strike
0-2: Ball
1-2: Foul Ball, location: 2F
1-2: Foul Ball, location: 2F
1-2: Foul Ball, location: 2F
1-2: Ball
2-2: Foul Ball, location: 2F
2-2: Fly out, F7 (Flyball, 78M, EV 92.5 MPH)
Batting: LHB Nick Angelo 0-0: Ball
Carlos Baca steals 2nd base
1-0: Ball
2-0: Called Strike
2-1: Ground out U3 (Groundball, 34, EV 99.4 MPH)
Carlos Baca to third
Batting: LHB Willie Martinez 0-0: Called Strike
0-1: Foul Ball, location: 2RF
0-2: Ball
1-2: Strikes out swinging
Top of the 1st over - 0 runs, 1 hit, 0 errors, 1 left on base; Reading 0 - Portland 0
BOTTOM OF THE 1ST
Portland Sea Dogs batting - Pitching for Reading Fightin Phils : LHP Adrian Wiggins
Pitching: LHP Adrian Wiggins
Batting: RHB Romeo Zimolo 0-0: Called Strike
0-1: Called Strike
0-2: Fly out, F4 (Popup, 4S, EV 68.1 MPH)
Batting: RHB Eddie Chavez 0-0: Called Strike
0-1: Ground out 6-3 (Groundball, 6, EV 95.6 MPH)
Batting: RHB Alvaro Madera 0-0: Ball
1-0: Ball
2-0: Ball
3-0: Base on Balls
Batting: LHB Dan McCartney 0-0: Ball
1-0: Fly out, F7 (Flyball, 7, EV 85.0 MPH)
Bottom of the 1st over - 0 runs, 0 hits, 0 errors, 1 left on base; Reading 0 - Portland 0
TOP OF THE 2ND
Reading Fightin Phils batting - Pitching for Portland Sea Dogs : RHP Billie Barrett
Batting: RHB Gaige Spicer 0-0: Foul Ball, location: 2F
0-1: Ball
1-1: Foul Ball, location: 2F
1-2: Ball
2-2: Strikes out looking
Batting: RHB Sean Boswell 0-0: Ball
1-0: Ball
2-0: Ball
3-0: Base on Balls
Batting: RHB Jose Alegria 0-0: Ball
1-0: Foul Ball, location: 9LMF
1-1: Ball
2-1: Ball
3-1: Fly out, F7 (Flyball, 7S, EV 93.1 MPH)
Batting: LHB Ryan Price 0-0: Ball
1-0: Called Strike
1-1: SINGLE (Line Drive, 8LS, EV 108.8 MPH)
Sean Boswell to second
Batting: LHB Sean Halliburton 0-0: Ball
1-0: Called Strike
1-1: Foul Ball, location: 2RF
1-2: Foul Ball, location: 23F
1-2: Strikes out swinging
Top of the 2nd over - 0 runs, 1 hit, 0 errors, 2 left on base; Reading 0 - Portland 0
BOTTOM OF THE 2ND
Portland Sea Dogs batting - Pitching for Reading Fightin Phils : LHP Adrian Wiggins
Batting: RHB Butch Berk 0-0: Fly out, F9 (Flyball, 9LSF, EV 93.1 MPH)
Batting: RHB Ryan Rynard 0-0: Ball
1-0: Foul Ball, location: 2F
1-1: Called Strike
1-2: SOLO HOME RUN (Line Drive, 9D, EV 99.4 MPH), Distance : 386 ft
Batting: RHB Chris Barley 0-0: Foul Ball, location: 2LF
0-1: Foul Ball, location: 5F
0-2: Fly out, F9 (Flyball, 9D, EV 103.8 MPH)
Batting: LHB Ramiro Argueta 0-0: Ball
1-0: Ball
2-0: Foul Ball, location: 2F
2-1: Ball
3-1: Base on Balls
Batting: RHB Mike Elsner 0-0: Called Strike
0-1: Ball
1-1: Ball
2-1: Fly out, F2 (Popup, 13S, EV 85.6 MPH)
Bottom of the 2nd over - 1 run, 1 hit, 0 errors, 1 left on base; Reading 0 - Portland 1
TOP OF THE 3RD
Reading Fightin Phils batting - Pitching for Portland Sea Dogs : RHP Billie Barrett
Batting: LHB Carlos Baca 0-0: Ball
1-0: Foul Ball, location: 5DF
1-1: Ball
2-1: Called Strike
2-2: Foul Ball, location: 5FF
2-2: Foul Ball, location: 7LMF
2-2: Fly out, F7 (Flyball, 78M, EV 90.6 MPH)
Batting: RHB Jake Kimpel 0-0: Ball
1-0: Swinging Strike
1-1: Called Strike
1-2: Strikes out swinging
Batting: LHB Nick Angelo 0-0: Ball
1-0: Called Strike
1-1: Ball
2-1: DOUBLE (Flyball, 8LXD, EV 103.1 MPH)
Batting: LHB Willie Martinez 0-0: Swinging Strike
0-1: Foul Ball, location: 2F
0-2: Ball
1-2: SINGLE (Line Drive, 7S, EV 98.8 MPH)
Nick Angelo to third
Runner from 3rd tries for Home, SAFE, throw by LF to home
Batting: RHB Gaige Spicer 0-0: Ball
1-0: Called Strike
1-1: SINGLE (Groundball, 4MD, EV 99.4 MPH)
Willie Martinez to second
Batting: RHB Sean Boswell 0-0: Ball
1-0: DOUBLE (Flyball, 89D, EV 108.8 MPH)
Willie Martinez scores
Gaige Spicer to third
Batting: RHB Jose Alegria 0-0: Ball
1-0: Ball
2-0: Foul Ball, location: 2F
2-1: Ball
3-1: Called Strike
3-2: Fly out, F7 (Flyball, 7LDF, EV 86.3 MPH)
Top of the 3rd over - 2 runs, 4 hits, 0 errors, 2 left on base; Reading 2 - Portland 1
BOTTOM OF THE 3RD
Portland Sea Dogs batting - Pitching for Reading Fightin Phils : LHP Adrian Wiggins
Batting: RHB Romeo Zimolo 0-0: Ball
1-0: Ball
2-0: Ball
3-0: Called Strike
3-1: Foul Ball, location: 5FF
3-2: Base on Balls
Batting: RHB Eddie Chavez 0-0: Ball
1-0: Foul Ball, location: 2F
1-1: Foul Ball, location: 5F
1-2: Ball
2-2: Foul Ball, location: 3F
2-2: DOUBLE (Flyball, 8RXD, EV 100.6 MPH)
Romeo Zimolo to third
Batting: RHB Alvaro Madera 0-0: Foul Ball, location: 2F
0-1: Ball
1-1: Foul Ball, location: 9LMF
1-2: Foul Ball, location: 7LDF
1-2: 3-RUN HOME RUN (Flyball, 89XD, EV 101.3 MPH), Distance : 400 ft
Batting: LHB Dan McCartney 0-0: Ball
1-0: Ball
2-0: Ball
3-0: SINGLE (Flyball, 7LS, EV 98.1 MPH)
Batting: RHB Butch Berk 0-0: Ball
1-0: SINGLE (Line Drive, 9S, EV 111.3 MPH)
Dan McCartney to second
Batting: RHB Ryan Rynard 0-0: Called Strike
0-1: Called Strike
0-2: Ball
1-2: Ball
2-2: Foul Ball, location: 2F
2-2: Ball
3-2: Foul Ball, location: 3F
3-2: Base on Balls
Dan McCartney to third
Butch Berk to second
Batting: RHB Chris Barley 0-0: Ball
1-0: Called Strike
1-1: Grounds into double play, 5-4-3 (Groundball, 56, EV 88.8 MPH)
Dan McCartney scores
Butch Berk to third
Batting: LHB Ramiro Argueta 0-0: Foul Ball, location: 25F
0-1: Ball
1-1: Foul Ball, location: 7LMF
1-2: Hit by Pitch
Pitching: RHP Erik Hill
Batting: RHB Mike Elsner 0-0: Called Strike
0-1: Ball
1-1: Ground out 4-3 (Groundball, 4, EV 80.0 MPH)
Bottom of the 3rd over - 4 runs, 4 hits, 0 errors, 2 left on base; Reading 2 - Portland 5
TOP OF THE 4TH
Reading Fightin Phils batting - Pitching for Portland Sea Dogs : RHP Billie Barrett
Batting: LHB Ryan Price 0-0: Called Strike
0-1: Foul Ball, location: 2F
0-2: Ball
1-2: Fly out, F7 (Flyball, 78M, EV 88.8 MPH)
Batting: LHB Sean Halliburton 0-0: Called Strike
0-1: Fly out, F8 (Flyball, 8LM, EV 98.8 MPH)
Batting: LHB Carlos Baca 0-0: Ball
1-0: Ball
2-0: Foul Ball, location: 5F
2-1: Fly out, F9 (Flyball, 9, EV 90.0 MPH)
Top of the 4th over - 0 runs, 0 hits, 0 errors, 0 left on base; Reading 2 - Portland 5
BOTTOM OF THE 4TH
Portland Sea Dogs batting - Pitching for Reading Fightin Phils : RHP Erik Hill
Batting: RHB Romeo Zimolo 0-0: Ball
1-0: Ball
2-0: Foul Ball, location: 5FF
2-1: Fly out, F7 (Flyball, 7LD, EV 100.0 MPH)
Batting: RHB Eddie Chavez 0-0: Foul Ball, location: 9LSF
0-1: Foul Ball, location: 7LSF
0-2: Ball
1-2: Ball
2-2: Ground out 4-3 (Groundball, 4S, EV 83.8 MPH)
Batting: RHB Alvaro Madera 0-0: Called Strike
0-1: Ball
1-1: Foul Ball, location: 3FF
1-2: Strikes out swinging, 2-3 out at first.
Bottom of the 4th over - 0 runs, 0 hits, 0 errors, 0 left on base; Reading 2 - Portland 5
TOP OF THE 5TH
Reading Fightin Phils batting - Pitching for Portland Sea Dogs : RHP Billie Barrett
Batting: RHB Jake Kimpel 0-0: Foul Ball, location: 2F
0-1: Ball
1-1: Ball
2-1: Foul Ball, location: 2F
2-2: Ball
3-2: Foul Ball, location: 7LSF
3-2: Fly out, F3 (Popup, 3F, EV 60.0 MPH)
Batting: LHB Nick Angelo 0-0: Foul Ball, location: 2F
0-1: Ball
1-1: Called Strike
1-2: Foul Ball, location: 5SF
1-2: Ball
2-2: Ball
3-2: Fly out, F9 (Line Drive, 9D, EV 103.1 MPH)
Pitching: RHP Eric in 't Veld
Batting: LHB Willie Martinez 0-0: Ball
1-0: Fly out, F7 (Line Drive, 7LS, EV 95.6 MPH)
Top of the 5th over - 0 runs, 0 hits, 0 errors, 0 left on base; Reading 2 - Portland 5
BOTTOM OF THE 5TH
Portland Sea Dogs batting - Pitching for Reading Fightin Phils : RHP Erik Hill
Batting: LHB Dan McCartney 0-0: Fly out, F7 (Line Drive, 7LM, EV 93.8 MPH)
Batting: RHB Butch Berk 0-0: Foul Ball, location: 5SF
0-1: Ball
1-1: Foul Ball, location: 2RF
1-2: Fly out, F3 (Popup, 3SF, EV 79.4 MPH)
Batting: RHB Ryan Rynard 0-0: SINGLE (Line Drive, 56D, EV 96.3 MPH)
Batting: RHB Chris Barley 0-0: Called Strike
0-1: Ball
1-1: Called Strike
1-2: SINGLE (Line Drive, 6MD, EV 95.0 MPH)
Ryan Rynard to second
Runner from 2nd tries for 3rd, SAFE, throw by CF made to third
Batting: LHB Ramiro Argueta 0-0: Ground out 4-3 (Groundball, 4, EV 103.1 MPH)
Bottom of the 5th over - 0 runs, 2 hits, 0 errors, 2 left on base; Reading 2 - Portland 5
TOP OF THE 6TH
Reading Fightin Phils batting - Pitching for Portland Sea Dogs : RHP Eric in 't Veld
Batting: RHB Gaige Spicer 0-0: Called Strike
0-1: Foul Ball, location: 9LMF
0-2: Strikes out swinging
Batting: RHB Sean Boswell 0-0: Ball
1-0: Foul Ball, location: 2F
1-1: Ball
2-1: Ball
3-1: SINGLE (Groundball, 6MD, EV 98.8 MPH)
Batting: RHB Jose Alegria 0-0: Ball
1-0: Ball
2-0: Foul Ball, location: 9LMF
2-1: Foul Ball, location: 2F
2-2: Foul Ball, location: 2F
2-2: SINGLE (Line Drive, 89S, EV 87.5 MPH)
Sean Boswell to second
Batting: LHB Ryan Price 0-0: Foul Ball, location: 7LMF
0-1: Swinging Strike
0-2: Ball
1-2: Foul Ball, location: 7LMF
1-2: Ball
2-2: Strikes out looking
Pinch Hitting: RHB Adam Beam 0-0: Called Strike
0-1: Foul Ball, location: 25F
0-2: Fly out, F3 (Popup, 3S, EV 71.3 MPH)
Top of the 6th over - 0 runs, 2 hits, 0 errors, 2 left on base; Reading 2 - Portland 5
BOTTOM OF THE 6TH
Portland Sea Dogs batting - Pitching for Reading Fightin Phils : RHP Erik Hill
Now at SS: Tony Ayala
Batting: RHB Mike Elsner 0-0: Foul Ball, location: 3F
0-1: Fly out, F9 (Flyball, 9LM, EV 100.0 MPH)
Batting: RHB Romeo Zimolo 0-0: Ground out 5-3 (Groundball, 5S, EV 77.5 MPH)
Batting: RHB Eddie Chavez 0-0: Ball
1-0: Ball
2-0: SINGLE (Groundball, 6MD, EV 104.4 MPH)
Batting: RHB Alvaro Madera 0-0: Ball
1-0: Foul Ball, location: 25F
1-1: Called Strike
1-2: Foul Ball, location: 2F
1-2: Strikes out swinging
Bottom of the 6th over - 0 runs, 1 hit, 0 errors, 1 left on base; Reading 2 - Portland 5
TOP OF THE 7TH
Reading Fightin Phils batting - Pitching for Portland Sea Dogs : RHP Eric in 't Veld
Batting: LHB Carlos Baca 0-0: Ball
1-0: Ground out 6-3 (Groundball, 6S, EV 83.1 MPH)
Batting: RHB Jake Kimpel 0-0: Called Strike
0-1: Ground out 4-3 (Groundball, 4, EV 89.4 MPH)
Batting: LHB Nick Angelo 0-0: Ball
1-0: Called Strike
1-1: Ball
2-1: Swinging Strike
2-2: Strikes out swinging
Top of the 7th over - 0 runs, 0 hits, 0 errors, 0 left on base; Reading 2 - Portland 5
BOTTOM OF THE 7TH
Portland Sea Dogs batting - Pitching for Reading Fightin Phils : RHP Erik Hill
Batting: LHB Dan McCartney 0-0: Ball
1-0: Ball
2-0: Called Strike
2-1: Ball
3-1: Base on Balls
Pitching: RHP Estevan Santiago
Batting: RHB Butch Berk 0-0: Called Strike
0-1: Fly out, F8 (Flyball, 89D, EV 86.9 MPH)
Batting: RHB Ryan Rynard 0-0: Ball
1-0: Called Strike
1-1: Swinging Strike
1-2: Ball
2-2: Strikes out swinging
Batting: RHB Chris Barley 0-0: Called Strike
0-1: Fly out, F8 (Flyball, 8LM, EV 95.6 MPH)
Bottom of the 7th over - 0 runs, 0 hits, 0 errors, 1 left on base; Reading 2 - Portland 5
TOP OF THE 8TH
Reading Fightin Phils batting - Pitching for Portland Sea Dogs : RHP Eric in 't Veld
Batting: LHB Willie Martinez 0-0: Ball
1-0: Ball
2-0: Ball
3-0: Called Strike
3-1: Swinging Strike
3-2: Strikes out swinging, 2-3 out at first.
Batting: RHB Gaige Spicer 0-0: Swinging Strike
0-1: Foul Ball, location: 2F
0-2: Strikes out swinging
Batting: RHB Sean Boswell 0-0: Ground out 5-3 (Groundball, 56, EV 96.9 MPH)
Top of the 8th over - 0 runs, 0 hits, 0 errors, 0 left on base; Reading 2 - Portland 5
BOTTOM OF THE 8TH
Portland Sea Dogs batting - Pitching for Reading Fightin Phils : RHP Estevan Santiago
Batting: LHB Ramiro Argueta 0-0: Ball
1-0: Ball
2-0: SINGLE (Groundball, 6MD, EV 107.5 MPH)
Batting: RHB Mike Elsner 0-0: Called Strike
0-1: Ball
1-1: SINGLE (Line Drive, 9S, EV 110.6 MPH)
Ramiro Argueta to second
Batting: RHB Romeo Zimolo 0-0: Called Strike
0-1: Bunted foul
0-2: Strikes out looking
Batting: RHB Eddie Chavez 0-0: Foul Ball, location: 23F
0-1: Foul Ball, location: 2F
0-2: SINGLE (Line Drive, 8LS, EV 106.3 MPH)
Ramiro Argueta to third
Mike Elsner to second
Runner from 3rd tries for Home, SAFE, throw by CF to home
Batting: RHB Alvaro Madera 0-0: Foul Ball, location: 25F
0-1: Foul Ball, location: 9LMF
0-2: Ball
1-2: Ball
2-2: Strikes out looking
Batting: LHB Dan McCartney 0-0: Called Strike
0-1: Foul Ball, location: 2F
0-2: Ball
1-2: Ball
2-2: Ball
3-2: Strikes out swinging
Bottom of the 8th over - 1 run, 3 hits, 0 errors, 2 left on base; Reading 2 - Portland 6
TOP OF THE 9TH
Reading Fightin Phils batting - Pitching for Portland Sea Dogs : RHP Eric in 't Veld
Batting: RHB Jose Alegria 0-0: Swinging Strike
0-1: Swinging Strike
0-2: Ball
1-2: Strikes out swinging
Batting: LHB Ryan Price 0-0: Ball
1-0: Foul Ball, location: 23F
1-1: Ball
2-1: Called Strike
2-2: Ball
3-2: Foul Ball, location: 2F
3-2: SINGLE (Line Drive, 4MD, EV 95.0 MPH)
Pitching: RHP Jaime Kelly
Batting: RHB Tony Ayala 0-0: Ball
1-0: Called Strike
1-1: Called Strike
1-2: Strikes out swinging
Batting: LHB Carlos Baca 0-0: Ball
1-0: Fly out, F8 (Flyball, 8LM, EV 76.3 MPH)
Top of the 9th over - 0 runs, 1 hit, 0 errors, 1 left on base; Reading 2 - Portland 6
Tuesday, May 14th , 2024 - OOTP Baseball 24.11 Build 85